 Dungeon Crawl Stone Soup version 0.17-a0-1638-g2ccaed7 (console) character file.

8366 Monkaria the Nimble (level 11, -13/61 HPs)
             Began as a Deep Elf Conjurer on Aug 8, 2015.
             Was an Elder of Vehumet.
             Mangled by a blink frog (19 damage)
             ... on level 1 of the Lair of Beasts.
             The game lasted 00:34:11 (11772 turns).

Monkaria the Nimble (Deep Elf Conjurer)            Turns: 11772, Time: 00:34:11

Health: -13/61     AC:  8    Str:  3 (5)  XL:     11   Next: 9%
Magic:  10/24      EV: 19    Int: 20 (24) God:    Vehumet [****..]
Gold:   527        SH:  0    Dex: 12 (15) Spells: 7 memorised, 4 levels left

rFire  + . .     SeeInvis .     g - +0 scimitar (flame)
rCold  . . .     Clarity  .     A - +0 robe {rF+}
rNeg   . . .     SustAt   .     (no shield)
rPois  .         Gourm    .     (no helmet)
rElec  .         Spirit   .     k - +2 cloak
rCorr  .         Warding  .     (no gloves)
rMut   .         Stasis   .     z - +2 pair of boots
MR     ++...                    (no amulet)
Stlth  ++++......               (no ring)
                                i - ring of wizardry

@: very resistant to hostile enchantments, stealthy
A: hooves 1, deterioration 1, magic resistance 1, sense surroundings 1
a: Renounce Religion


You were on level 1 of the Lair of Beasts.
You worshipped Vehumet.
Vehumet was greatly pleased with you.
You were not hungry.

You visited 3 branches of the dungeon, and saw 10 of its levels.
You also visited: Sewer.

You collected 527 gold pieces.

Inventory:

Hand weapons
 g - a +0 scimitar of flaming (weapon)
 r - a +1 blowgun
Missiles
 s - 69 poisoned needles
Armour
 k - a +2 cloak (worn)
 z - a +2 pair of boots (worn)
 A - a +0 robe of fire resistance (worn)
Magical staves
 f - an uncursed staff of death
Jewellery
 i - a ring of wizardry (left hand)
Magical devices
 m - a wand of frost (30)
 u - a wand of flame (15)
 G - a wand of fire (8)
Scrolls
 b - a scroll of noise {unknown}
 e - 4 scrolls of teleportation
 n - a scroll of magic mapping
 o - 3 scrolls of remove curse
 p - 2 scrolls of blinking {unknown}
 t - a scroll of recharging {unknown}
 v - a scroll of random uselessness {unknown}
Potions
 d - a potion of agility
 j - 2 potions of brilliance
 x - 6 potions of flight
 C - a potion of might
Comestibles
 a - a chunk of flesh
 c - 11 bread rations
 h - a royal jelly
 l - 5 fruits


   Skills:
 - Level 4.0 Fighting
 - Level 3.0 Armour
 - Level 13.0 Dodging
 - Level 8.1 Stealth
 + Level 7.9 Spellcasting
 - Level 7.0 Conjurations
 - Level 4.0 Charms
 - Level 6.2 Ice Magic


You had 4 spell levels left.
You knew the following spells:

 Your Spells              Type           Power        Failure   Level  Hunger
a - Magic Dart            Conj           ####         1%          1    None
b - Searing Ray           Conj           #####.       1%          2    None
c - Iskenderun's Mystic   Conj           #####...     1%          4    ###....
d - Iskenderun's Battles  Conj/Chrm      ####....     3%          5    #####..
e - Mephitic Cloud        Conj/Pois/Air  ###.....     1%          3    None
f - Ignite Poison         Fire/Trmt/Pois #.......     3%          3    None
g - Ozocubu's Armour      Chrm/Ice       ####....     1%          3    None


Dungeon Overview and Level Annotations

Branches:
Dungeon (8/15)             Temple (1/1) D:4            Lair (1/8) D:8

Altars:
Cheibriados
Dithmenos
Elyvilon
Fedhas
Gozag
Kikubaaqudgha
Makhleb
Nemelex Xobeh
Okawaru
Ru
Sif Muna
Trog
Vehumet
Xom
Yredelemnul
Zin
The Shining One


Innate Abilities, Weirdness & Mutations

You have large cloven feet.
Your body sometimes deteriorates upon taking damage.
You are resistant to hostile enchantments.
You passively map a small area around you.


Message History

Press: ? - help, Shift-Dir - straight line, f - blink frog
Aim: a blink frog (lightly wounded)
The orb of energy hits the blink frog.
The blink frog is moderately wounded.
The orb of energy explodes!
The mystic blast hits the blink frog.
The blink frog is severely wounded.
The blink frog hits you.
Unknown command.
Unknown command.
Casting: Iskenderun's Mystic Blast
Confirm with . or Enter, or press ? or * to list all spells.
Aiming: Iskenderun's Mystic Blast
Press: ? - help, Shift-Dir - straight line, f/p - blink frog
Aim: a blink frog (moderately wounded)
The orb of energy hits the blink frog.
The blink frog is severely wounded.
The blink frog hits you!
* * * LOW HITPOINT WARNING * * *
The blink frog hits you!!
You die...

#...# ###...# * * ,
..#.#.#....### ** , #
#.#.##....... .
,*...#.#......## *
#.... #.#...#..(..P#
#....
,......#......## ,
..... ........F....#*
#....
#.......##.FF.#,,
#.... #.......##.F@.#
, .....
#.......#.....# ,#
#....
*.........##..##.###
, #.... *
*...F..P.##...#.#.#P
, .....
..................,,,
≈≈≈≈≈ ,
...............P#
≈##≈≈ *
.....#.........##*
*#≈≈
........P#.....P###,,
#≈≈
#....#####........##,
#≈≈


You could see 5 blink frogs.

Vanquished Creatures
  Erica (D:8)
  Maurice (D:8)
  Joseph (D:8)
  A spiny frog (Lair:1)
  A spriggan (D:8)
  13 yaks
  A wraith (D:8)
  A hippogriff (D:8)
  Menkaure (D:5)
  Edmund (D:5)
  2 porcupines (Lair:1)
  An ogre (D:7)
  A sky beast (D:7)
  2 ice beasts
  A water moccasin (D:8)
  A centaur (D:7)
  3 necrophages
  4 orc warriors
  2 phantoms
  6 big kobolds (D:8)
  2 crocodiles (Lair:1)
  The ghost of Engwar the Digger, an average GrEE of the Shining One (Sewer)
  3 giant frogs
  An elf skeleton (D:8)
  5 killer bees (D:6)
  4 scorpions
  An electric eel (Lair:1)
  7 wights
  A quasit (D:8)
  A crimson imp (D:5)
  2 hounds
  2 giant frog zombies (D:8)
  A centaur zombie (D:5)
  5 human zombies (D:8)
  2 iguanas
  An orc priest (D:5)
  4 worker ants
  A giant frog skeleton (D:6)
  6 orc wizards
  A merfolk avatar (Sewer)
  A siren (Sewer)
  A hound zombie (D:6)
  A hound skeleton (D:4)
  11 adders
  3 gnolls (D:5)
  2 worker ant zombies
  A river rat (D:6)
  An adder skeleton (D:5)
  3 worms
  7 giant geckos
  25 orcs
  9 ball pythons
  12 bats
  7 giant cockroaches
  10 goblins
  8 hobgoblins
  4 quokkas
  A giant gecko skeleton (D:8)
  12 giant newts
  4 jackals (D:8)
  15 kobolds
  2 orc zombies (D:8)
  2 quokka zombies
  30 rats
268 creatures vanquished.

Vanquished Creatures (others)
  A quokka (D:6)
1 creature vanquished.

Grand Total: 269 creatures vanquished

Notes
Turn   | Place    | Note
--------------------------------------------------------------
     0 | D:1      | Monkaria the Deep Elf Conjurer began the quest for the Orb.
     0 | D:1      | Reached XP level 1. HP: 10/10 MP: 6/6
   373 | D:1      | Reached XP level 2. HP: 12/15 MP: 4/8
   429 | D:1      | Reached skill level 5 in Conjurations
   667 | D:1      | You fall through a shaft!
   951 | D:2      | Learned a level 2 spell: Searing Ray
   956 | D:2      | Reached XP level 3. HP: 19/19 MP: 4/9
  1388 | D:2      | Reached skill level 6 in Conjurations
  1580 | D:2      | Reached XP level 4. HP: 24/24 MP: 4/10
  2592 | D:3      | Learned a level 4 spell: Iskenderun's Mystic Blast
  2900 | D:3      | Found a glowing golden altar of the Shining One.
  3029 | D:4      | Found a bloodstained altar of Trog.
  3049 | D:4      | Reached skill level 7 in Conjurations
  3049 | D:4      | Reached XP level 5. HP: 28/28 MP: 9/11
  3472 | D:4      | Found a staircase to the Ecumenical Temple.
  3486 | Temple   | Entered the Ecumenical Temple
  3524 | Temple   | Became a worshipper of Vehumet
  3696 | D:5      | Entered Level 5 of the Dungeon
  3704 | D:5      | Noticed a phantom
  3713 | D:5      | Killed a phantom
  3713 | D:5      | Reached skill level 5 in Spellcasting
  3852 | D:5      | Reached XP level 6. HP: 17/32 MP: 7/16
  4023 | D:5      | Noticed Edmund
  4105 | D:5      | Killed Edmund
  4258 | D:5      | Reached XP level 7. HP: 30/36 MP: 7/19
  4335 | D:5      | Found an ancient bone altar of Kikubaaqudgha.
  4539 | D:5      | Reached skill level 5 in Dodging
  4709 | D:5      | Noticed Menkaure
  4713 | D:5      | Killed Menkaure
  4894 | D:6      | Found a glowing drain.
  4897 | D:6      | Acquired Vehumet's first power
  4897 | D:6      | Offered knowledge of Flame Tongue by Vehumet.
  4910 | D:6      | Learned a level 5 spell: Iskenderun's Battlesphere
  4916 | D:6      | Found a white marble altar of Elyvilon.
  5008 | Sewer    | Entered a sewer
  5185 | Sewer    | Reached XP level 8. HP: 41/41 MP: 14/20
  5319 | Sewer    | Offered knowledge of Sandblast by Vehumet.
  5367 | Sewer    | Noticed a drowned soul
  5369 | Sewer    | Noticed a drowned soul
  5369 | Sewer    | Noticed a drowned soul
  5369 | Sewer    | Noticed a drowned soul
  5370 | Sewer    | Noticed a drowned soul
  5376 | Sewer    | Noticed Engwar's ghost (average GrEE)
  5400 | Sewer    | Killed Engwar's ghost
  5638 | D:6      | Reached skill level 5 in Stealth
  6114 | D:6      | Reached skill level 8 in Stealth
  6374 | D:6      | Offered knowledge of Mephitic Cloud by Vehumet.
  6614 | D:6      | Learned a level 3 spell: Mephitic Cloud
  6892 | D:7      | Reached skill level 9 in Dodging
  7122 | D:7      | Reached XP level 9. HP: 44/44 MP: 18/21
  7228 | D:7      | Gained mutation: You have large cloven feet. [mutagenic meat]
  7229 | D:7      | Gained mutation: You passively map a small area around you. [mutagenic meat]
  7230 | D:7      | Gained mutation: Your body sometimes deteriorates upon taking damage. [mutagenic meat]
  7232 | D:7      | Gained mutation: You are resistant to hostile enchantments. [mutagenic meat]
  7244 | D:7      | Acquired Vehumet's second power
  7290 | D:7      | Reached skill level 10 in Dodging
  7391 | D:7      | Found a glowing silver altar of Zin.
  7818 | D:8      | Noticed Erica
  8376 | D:8      | Killed Erica
  8376 | D:8      | Reached skill level 12 in Dodging
  8721 | D:8      | Found an ancient bone altar of Kikubaaqudgha.
  9164 | D:8      | Reached skill level 13 in Dodging
  9184 | D:8      | Found a staircase to the Lair.
  9228 | D:8      | Reached skill level 1 in Fighting
  9228 | D:8      | Reached XP level 10. HP: 47/52 MP: 10/22
  9237 | D:8      | Offered knowledge of Ignite Poison by Vehumet.
  9499 | D:8      | Found a basalt altar of Yredelemnul.
  9499 | D:8      | Found a shadowy altar of Dithmenos.
  9499 | D:8      | Found a glowing golden altar of the Shining One.
  9513 | D:8      | Found an iron altar of Okawaru.
  9571 | D:8      | Found a blossoming altar of Fedhas.
  9708 | D:8      | Noticed Maurice
  9899 | D:8      | Killed Maurice
 10045 | D:8      | Acquired Vehumet's third power
 10067 | D:8      | Noticed Joseph
 10072 | D:8      | Killed Joseph
 10072 | D:8      | Reached skill level 1 in Armour
 10128 | D:8      | Learned a level 3 spell: Ignite Poison
 10132 | D:8      | Learned a level 3 spell: Ozocubu's Armour
 10482 | D:8      | Offered knowledge of Static Discharge by Vehumet.
 10618 | Lair:1   | Entered Level 1 of the Lair of Beasts
 10628 | Lair:1   | Reached skill level 1 in Ice Magic
 10673 | Lair:1   | Reached skill level 5 in Ice Magic
 11029 | Lair:1   | Reached skill level 1 in Charms
 11327 | D:8      | Reached XP level 11. HP: 47/61 MP: 2/23
 11772 | Lair:1   | Mangled by a blink frog

Vault maps used:
D:1:      dpeg_arrival_long_road, hangedman_feature_mirror
D:2:      kennysheep_cluttered_room, minmay_misc_feat_more_columns,
          dk_noncrumbling_2, minmay_stone_trees_small
D:3:      nicolae_tso_swordbearing_angel
D:4:      old_standard_altar, minmay_temple_entry_hall, first_bread
D:5:      basic_altar, uniq_edmund, uniq_menkaure
D:6:      elyvilon_altar_4, portal_sewer_entry_e, grunt_ministairs_11
D:7:      overflow_temple_1_default
D:8:      lemuel_mausoleum_altar_kikubaaqudgha,
          grunt_temple_overflow_cloverleaf, lair_0_dummy, special_room,
          the_bakery, fedhas_altar_2, uniq_erica, uniq_joseph, uniq_maurice
Temple:   temple_eino_lava_8
Lair:1:   st_stairs_12, minivault_23, lemuel_fruit_tree,
          infiniplex_staircase_pool_2
Sewer:    sewer_sea

Action                   |  1- 3 |  4- 6 |  7- 9 | 10-12 || total
-------------------------+-------+-------+-------+-------++-------
Melee: Unarmed           |       |     2 |    30 |       ||    32
       Staff             |       |       |     1 |    40 ||    41
       Scimitar          |       |       |       |     3 ||     3
 Cast: Magic Dart        |    65 |    81 |   150 |    75 ||   371
       Searing Ray       |     5 |    10 |    65 |    44 ||   124
       Iskenderun's Myst |       |     3 |    19 |    31 ||    53
       Mephitic Cloud    |       |       |     2 |     5 ||     7
       Ozocubu's Armour  |       |       |       |     1 ||     1
       Ignite Poison     |       |       |       |     1 ||     1
       Iskenderun's Batt |       |       |       |     1 ||     1
  Use: Scroll            |       |       |    16 |     1 ||    17
       Potion            |       |       |    11 |     3 ||    14
  Eat: Chunk             |     2 |     6 |    18 |    11 ||    37
       Pizza             |       |     1 |       |       ||     1
       Meat ration       |       |       |     1 |       ||     1
